 Dungeon Crawl Stone Soup version 0.30-a0-777-ga9a30cbeda (webtiles) character file.

Game seed: 15020887269872966701

779 funkygono the Firebug (level 7, -1/36 HPs)
             Began as a Gargoyle Fire Elementalist on Feb 13, 2023.
             Slain by a gnoll
             ... wielding a +0 club
             ... led by a gnoll bouda
              (3 damage)
             ... on level 5 of the Dungeon.
             The game lasted 00:07:10 (5650 turns).

funkygono the Firebug (Gargoyle Fire Elementalist)  Turns: 5650, Time: 00:07:11

Health: -1/36      AC: 10    Str: 12    XL:     7   Next: 85%
Magic:  5/14       EV: 12    Int: 17    God:
Gold:   282        SH:  0    Dex: 10    Spells: 6/16 levels left

rFire   . . .      SeeInvis .    q - +2 whip
rCold   . . .      Faith    .    (no shield)
rNeg    + . .      Spirit   .    a - +0 robe
rPois   ∞          Reflect  .    i - +1 helmet
rElec   +          Harm     .    (no cloak)
rCorr   .          Rampage  .    (no gloves)
Will    .....                    r - +1 pair of boots
Stlth   ++                       (no amulet)
HPRegen 0.26/turn                (no ring)
MPRegen 0.14/turn                (no ring)

@: no status effects
A: sickness immunity, AC +4, negative energy resistance 1, electricity
resistance, torment resistance 1, petrification resistance
a: no special abilities


You were on level 5 of the Dungeon.
You visited 1 branch of the dungeon, and saw 5 of its levels.

You collected 282 gold pieces.

Inventory:

Hand Weapons
 n - a +0 mace
 q - a +2 whip (weapon)
Missiles
 t - 2 throwing nets
Armour
 a - a +0 robe (worn)
 i - a +1 helmet (worn)
 r - a +1 pair of boots (worn)
Jewellery
 b - an amulet of guardian spirit
Scrolls
 c - 2 scrolls of fear
 e - 3 scrolls of identify
 g - a scroll of blinking {unknown}
 k - a scroll of enchant armour
 v - 2 scrolls of magic mapping
Potions
 d - a potion of mutation {unknown}
 f - a potion of invisibility {unknown}
 h - a potion of resistance
 j - a potion of flight {unknown}
 l - a potion of ambrosia {unknown}
 m - a potion of haste {unknown}
 o - a potion of cancellation {unknown}
 p - 3 potions of might
 s - 2 potions of curing {unknown}


   Skills:
 + Level 0.2 Maces & Flails
 + Level 2.1 Dodging
 - Level 2.1 Stealth
 + Level 5.0 Spellcasting
 + Level 4.1 Conjurations
 + Level 6.0 Fire Magic


You had 6 spell levels left.
You knew the following spells:

 Your Spells              Type           Power      Damage    Failure   Level
a - Foxfire               Conj/Fire      84%        2x1d8     1%          1
b - Scorch                Fire           48%        2d7       1%          2
c - Kindle Blastsparks    Fire/Tloc/Air  22%        2d11      19%         3
d - Flame Wave            Conj/Fire      21%        2d8       17%         4

Your spell library contained the following spells:

 Spells                   Type           Power      Damage    Failure   Level
 Magic Dart               Conj           72%        1d6       2%          1
 Searing Ray              Conj           36%        2d5       4%          2
 Inner Flame              Hex/Fire       14%        N/A       12%         3
 Sandblast                Erth           8%         2d5       14%         1
 Sticky Flame             Conj/Fire      21%        2d4       17%         4
 Stone Arrow              Conj/Erth      22%        3d8       19%         3
 Passwall                 Tmut/Erth      3%         N/A       22%         2
 Frozen Ramparts          Ice            8%         1d2       38%         3
 Portal Projectile        Hex/Tloc       8%         N/A       38%         3
 Tukima's Dance           Hex            4%         N/A       38%         3
 Fulminant Prism          Conj/Hex       5%         3d6       52%         4
 Ice Form                 Ice/Tmut       4%         N/A       80%         4
 Summon Ice Beast         Ice/Summ       4%         N/A       80%         4
 Blade Hands              Tmut           2%         N/A       98%         5


Dungeon Overview and Level Annotations

Branches:
Dungeon (5/15)
 Temple: D:4-7

Altars:
Makhleb
Trog
The Shining One

Annotations:
D:4 2 transporters


Innate Abilities, Weirdness & Mutations

You are immune to sickness and miasma.
Your stone body is resilient. (AC +4)
You are immune to poison.
You resist negative energy. (rN+)
You are resistant to electric shocks. (rElec)
You are resistant to unholy torment.
You are immune to petrification.


Message History

Casting: Foxfire (safe; 1% risk of failure)
Confirm with . or Enter, or press ? or * to list all spells.
You conjure some foxfire!
The gnoll is no longer moving quickly.
The foxfire hits the gnoll.
The gnoll is burned terribly!
The gnoll is almost dead.
The foxfire hits the gnoll.
The gnoll is moderately wounded.
The gnoll hits you with a +0 club.
* * * LOW HITPOINT WARNING * * *
The gnoll hits you from afar with a +0 spear.
* * * LOW HITPOINT WARNING * * *
The gnoll misses you. The gnoll hits you but does no damage.
Unknown command.
Your foxfire dissipates!
The gnoll attacks as you move away! The gnoll misses you.
The gnoll is no longer more vulnerable to fire.
The gnoll is no longer moving quickly.
The foxfire hits the gnoll.
You kill the gnoll!
The gnoll barely misses you.
The gnoll is no longer moving quickly.
The gnoll attacks as you move away! The gnoll closely misses you.
The gnoll attacks as you move away! The gnoll hits you but does no damage.
You see here an adder corpse.
The gnoll attacks as you move away! The gnoll closely misses you.
The gnoll attacks as you move away! The gnoll hits you but does no damage.
The gnoll attacks as you move away! The gnoll barely misses you.
The gnoll attacks as you move away! The gnoll closely misses you.
The gnoll attacks as you move away! The gnoll hits you with a +0 club.
* * * LOW HITPOINT WARNING * * *
The gnoll attacks as you move away! The gnoll hits you with a +0 whip.
* * * LOW HITPOINT WARNING * * *
The gnoll attacks as you move away! The gnoll hits you with a +0 club.
* * * LOW HITPOINT WARNING * * *
The gnoll attacks as you move away! The gnoll barely misses you.
The gnoll attacks as you move away! The gnoll hits you but does no damage.
The gnoll attacks as you move away! The gnoll hits you with a +0 club.
* * * LOW HITPOINT WARNING * * *
The gnoll attacks as you move away! The gnoll closely misses you.
The gnoll attacks as you move away! The gnoll hits you with a +0 club.
You die...

..##......#
#.#......##
#.......## #........#
####
....#....######..##
....#.....#.......##
#....##............##
........#..###......#
........#.## ###@...#
..[#........####g...#
.###.........#..g.#.#
..#.....÷......O....#
................#####
##.#.......##g###
#..#........##.#
............#..##
.........#..g...####


You could see an ogre and 3 gnolls.

Vanquished Creatures
  An ogre (D:4)
  2 scorpions
  4 orc priests
  A gnoll bouda (D:5)
  2 hounds
  A jelly (D:4)
  2 iguanas
  2 orc wizards (D:5)
  8 gnolls
  7 adders
  A white imp (D:5)
  2 worms
  2 dart slugs
  14 orcs
  11 ball pythons
  6 endoplasms
  2 giant cockroaches
  6 goblins
  6 hobgoblins
  2 quokkas
  5 bats
  8 kobolds
  6 rats
101 creatures vanquished.

Vanquished Creatures (others)
  428 foxfires
428 creatures vanquished.

Grand Total: 529 creatures vanquished

Notes
Turn   | Place    | Note
-------+----------+-------------------------------------------
     0 | D:1      | funkygono the Gargoyle Fire Elementalist began the quest
                  | for the Orb.
     0 | D:1      | Reached XP level 1. HP: 10/10 MP: 3/3
   287 | D:1      | Reached XP level 2. HP: 15/15 MP: 1/5
   290 | D:1      | Learned a level 2 spell: Scorch
  1638 | D:2      | Reached XP level 3. HP: 19/19 MP: 3/6
  1642 | D:2      | Learned a level 3 spell: Kindle Blastsparks
  1830 | D:2      | Reached XP level 4. HP: 24/24 MP: 1/8
  2380 | D:3      | Reached skill level 4 in Fire Magic
  2435 | D:3      | Reached XP level 5. HP: 28/28 MP: 0/9
  2558 | D:3      | Learned a level 4 spell: Flame Wave
  2994 | D:3      | Identified the +6 dagger "Vasen" {protect, rC- rN+ Int+3}
  3024 | D:3      | Found a bloodstained altar of Trog.
  3396 | D:3      | Found a glowing golden altar of the Shining One.
  3820 | D:4      | Noticed an ogre
  3826 | D:4      | Killed an ogre
  3827 | D:4      | Reached skill level 5 in Fire Magic
  3827 | D:4      | Reached XP level 6. HP: 32/32 MP: 2/11
  4023 | D:4      | Found a transporter.
  4215 | D:4      | Found a burning altar of Makhleb.
  4815 | D:4      | Found a transporter.
  4817 | D:4      | Noticed an ice beast
  4818 | D:4      | Noticed an ice beast
  4818 | D:4      | Noticed an ice beast
  4967 | D:5      | Entered Level 5 of the Dungeon
  4974 | D:5      | Reached XP level 7. HP: 36/36 MP: 6/13
  5510 | D:5      | Reached skill level 6 in Fire Magic
  5614 | D:5      | Reached skill level 5 in Spellcasting
  5650 | D:5      | Slain by a gnoll

Illustrated notes

Levels and vault maps discovered:
D:1:      grunt_arrival_crossed_arrows, layout_basic, chequers_decorated_corner
D:2:      layout_rooms
D:3:      layout_basic, mainiacjoe_overflow_concentric_impassable, trog_book
D:4:      gammafunk_cloud_chamber, layout_basic,
          mainiacjoe_overflow_tiny_flanked
D:5:      layout_cave_pools, nemelex_spade_bored_becter

Skill      XL: |  1  2  3  4  5  6  7 |
---------------+----------------------+-----
Fire Magic     | 4 5 6 |  6.0
Spellcasting   | 3 4 5 |  5.0
Conjurations   | 2 3 4 |  4.1
Dodging        | 2 |  2.1
Maces & Flails | |  0.2
Stealth        | |  2.1

Action                     |  1- 3 |  4- 6 |  7- 9 || total
---------------------------+-------+-------+-------++-------
  Melee: Unarmed           |     1 |       |       ||     1
         Mace              |     2 |       |       ||     2
         Whip              |       |     7 |       ||     7
   Cast: Foxfire           |    57 |   128 |    63 ||   248
         Scorch            |     1 |    12 |     5 ||    18
    Use: Scroll            |       |    11 |       ||    11
         Potion            |       |     1 |       ||     1
 Armour: Robe              |     3 |     9 |    16 ||    28
  Dodge: Dodged            |     2 |    20 |    22 ||    44

Table legend: (Time is in decaauts)
 A = Elapsed time spent in this place.
 B = Non-inter-level travel time spent in this place.
 C = Inter-level travel time spent in this place.
 D = Time resting spent in this place.
 E = Time spent auto-exploring this place.
 F = Levels seen in this place.
 G = Mean time per level.
                   A        B        C        D        E       F      G
               +--------+--------+--------+--------+--------+-----+--------+
         Total |   5650 |   5568 |     82 |    100 |   4727 |   5 | 1130.0 |
       Dungeon |   5650 |   5568 |     82 |    100 |   4727 |   5 | 1130.0 |
               +--------+--------+--------+--------+--------+-----+--------+

Top non-repeatable levels by time:
     D:1: 1565 daAuts
     D:3: 1423 daAuts
     D:4: 1364 daAuts
     D:2: 707 daAuts
     D:5: 589 daAuts
